AoeStats
← Schluder

Arabia

509720570Analyzed
3v3 RM · 4d ago on Sep 27, 2026· 36m 42s· 6 players
Game mode
Random Map
Map size
Normal (6 player)
Population
200
Speed
Normal
Resources
Standard
Victory
Conquest
Starting age
Dark Age
Ending age
Imperial Age
RankedLock teamsTeams togetherTeam positionsShared explorationLock speedFull tech treeHidden civsTurbo modeCheats
Victory
Defeat
🇦🇷 Vikings · Argentina
951
+14
🇪🇸 Byzantines · Spain
847
+18
🇵🇪 Cumans · Peru
828
+19
🇩🇪 Mongols · Germany
963
-19
🇩🇪 Huns · Germany
914
-18
🇩🇪 Saxons · Germany
819
-14
Bvptistvs III
7:15 Loom
9:56 Feudal Age
11:09 Stone Mining
15:48 Fletching
20:09 Castle Age
18:33 Scale Mail Armor
18:42 Double-Bit Axe
20:07 Padded Archer Armor
20:29 Gold Mining
20:22 Horse Collar
21:06 Crossbowman
24:08 Bow Saw
26:11 Town Watch
27:14 Bodkin Arrow
27:35 Leather Archer Armor
33:52 Chain Mail Armor
33:48 Forging
Goati
2:44 Loom
10:31 Feudal Age
20:13 Double-Bit Axe
23:05 Gold Mining
27:08 Castle Age
28:40 Capped Ram
30:36 Bow Saw
30:25 Horse Collar
31:09 Scale Barding Armor
30:55 Town Watch
34:08 Chain Barding Armor
35:03 Wheelbarrow
34:28 Town Patrol
34:45 Heavy Plow
35:22 Gold Shaft Mining
34:39 Stone Mining
36:41 Hand Cart
Chenghis Khan
11:27 Feudal Age
12:02 Loom
17:03 Castle Age
18:07 Forging
18:29 Pikeman
19:02 Gambesons
23:26 Scale Mail Armor
24:03 Iron Casting
25:20 Elite Skirmisher
31:20 Scale Barding Armor
31:32 Chain Mail Armor
33:40 Wheelbarrow
34:11 Fletching
Schluder
5:15 Loom
10:26 Feudal Age
11:13 Double-Bit Axe
11:53 Gold Mining
13:13 Wheelbarrow
14:54 Stone Mining
19:28 Castle Age
18:15 Man-at-Arms
19:46 Scale Mail Armor
19:58 Forging
20:08 Long Swordsman
20:36 Gambesons
24:23 Chain Mail Armor
23:58 Arson
24:14 Squires
24:13 Horse Collar
31:23 Pikeman
32:14 Clerical Recruitment
33:54 Iron Casting
Krysztoff
6:16 Loom
10:46 Feudal Age
14:25 Castle Age
15:55 Forging
28:29 Bloodlines
[LE]DerChem!ker
3:27 Loom
10:47 Feudal Age
11:56 Double-Bit Axe
13:56 Wheelbarrow
15:06 Horse Collar
18:30 Scale Barding Armor
18:39 Forging
20:17 Gold Mining
20:53 Fletching
21:03 Padded Archer Armor
24:30 Castle Age
25:08 Scale Barding Armor
24:51 Elite Skirmisher
28:14 Thumb Ring
30:27 Iron Casting
34:01 Bodkin Arrow
Connection lost

Rejoining the realm…

Still unreachable

The connection could not be restored.

Session expired

The server has moved on; the page needs a fresh start.